 Dungeon Crawl Stone Soup version 0.31-a0-986-g5e6e4ef867 (webtiles) character file.

Game seed: 6231784270841883476

9804 miscthings the Mimic (level 11, -6/63 (69) HPs)
             Began as an Octopode Shapeshifter on Nov 22, 2023.
             Was a Follower of Ru.
             Killed from afar by Josephine (21 damage)
             ... with a ghostly fireball
             ... on level 1 of the Orcish Mines.
             The game lasted 00:16:40 (8006 turns).

miscthings the Mimic (Octopode Shapeshifter)        Turns: 8006, Time: 00:16:40

HP:   -6/63 (69)    AC:  8    Str: 15    XL:     11   Next: 52%
MP:   11/11         EV: 15    Int: 16    God:    Ru [*.....]
Gold: 441           SH:  0    Dex: 20    Spells: 10/10 levels left

rFire   . . .        v - +8 spear "Lixeehey" {protect, rPois Int+3}
rCold   + . .        (no shield)
rNeg    . . .        (helmet currently unavailable)
rPois   +            (no amulet)
rElec   .            j - +6 ring of dexterity
rCorr   .            o - ring of protection from cold
SInv    .            F - ring of poison resistance
Will    .....        (no ring)
Stlth   ++           (no ring)
HPRegen 0.30/turn    (no ring)
MPRegen 0.12/turn    (no ring)
                     (no ring)

%: no passive effects
@: confused, beast-form, ambrosia-drunk, under a protective aura, hasted and
slowed, drained
A: beast (slay +4), almost no armour, amphibious, 8 rings, camouflage 1,
gelatinous body 1, weak-willed 1, (nimble swimmer 1), tentacles
a: Begin Untransformation, Renounce Religion


You were on level 1 of the Orcish Mines.
You worshipped Ru.
Ru was aware of your devotion.
You were a hulking beast.
You visited 3 branches of the dungeon, and saw 12 of its levels.
You also visited: Ossuary.

You collected 624 gold pieces.
You spent 183 gold pieces at shops.

Inventory:

Hand Weapons
 v - the +8 spear "Lixeehey" (weapon) {protect, rPois Int+3}
   (You found it on level 5 of the Dungeon)

   Int+3:     It affects your intelligence (+3).
   rPois:     It protects you from poison
Missiles
 x - a throwing net
 D - 3 curare-tipped darts
Armour
 r - a +1 kite shield
Jewellery
 j - a +6 ring of dexterity (left tentacle)
 o - a ring of protection from cold (right tentacle)
 F - a ring of poison resistance (on tentacle)
Talismans
 b - a beast talisman (active)
 c - a flux talisman
Wands
 f - a wand of paralysis (3)
 q - a wand of flame (28)
 t - a wand of mindburst (6)
 E - a wand of polymorph (9)
Scrolls
 h - 5 scrolls of revelation
 i - 8 scrolls of teleportation
 p - a scroll of fear
 s - 2 scrolls of fog
 w - 2 scrolls of amnesia
 y - 3 scrolls of vulnerability
 B - 2 scrolls of immolation
 K - a scroll of poison
Potions
 a - 4 potions of lignification
 e - 3 potions of curing
 l - 2 potions of mutation
 m - 3 potions of brilliance
 n - 4 potions of attraction
 u - a potion of enlightenment
 z - 4 potions of haste
 A - 2 potions of might
 G - a potion of resistance {unknown}
 H - 2 potions of cancellation


   Skills:
 + Level 4.1 Fighting
 + Level 3.9 Throwing
 + Level 4.5 Dodging
 + Level 3.9 Shields
 + Level 5.0 Unarmed Combat
 + Level 4.1 Evocations
 - Level 13.7 Shapeshifting


You had 10 spell levels left.
You didn't know any spells.
Your spell library contained the following spells:

 Spells                   Type           Power      Damage    Failure   Level
 Freeze                   Ice            0%         1d3       26%         1
 Kiss of Death            Conj/Necr      0%         2d5       26%         1
 Summon Small Mammal      Summ           0%         N/A       26%         1
 Cigotuvi's Dreadful Rot  Necr/Pois/Air  0%         N/A       36%         2
 Call Canine Familiar     Summ           0%         N/A       58%         3
 Frozen Ramparts          Ice            0%         1d1       58%         3
 Hailstorm                Conj/Ice       0%         3d3       58%         3
 Stone Arrow              Conj/Erth      0%         3d7       58%         3
 Summon Guardian Golem    Hex/Summ       0%         N/A       58%         3
 Dispel Undead            Necr           0%         3d6       94%         4
 Death Channel            Necr           0%         N/A       100%        6
 Lehudib's Crystal Spear  Conj/Erth      0%         10d2      100%        8
 Animate Armour           Summ/Erth      Unusable   N/A       N/A         4

Dungeon Overview and Level Annotations

Branches:
Dungeon (10/15)            Temple (1/1) D:4            Lair (0/5) D:10
    Orc (1/2) D:9         Ossuary (visited)

Altars:
Ashenzari
Cheibriados
Dithmenos
Elyvilon
Fedhas
Gozag
Hepliaklqana
Kikubaaqudgha
Makhleb
Nemelex Xobeh
Okawaru
Qazlal
Ru
Sif Muna
Trog
Uskayaw
Vehumet
Wu Jian
Xom
Yredelemnul
Zin
The Shining One

Shops:
D:5 ?   D:7 =*   Orc:1 ?

Annotations:
D:3 2 transporters, Menkaure
Orc:1 Josephine


Innate Abilities, Weirdness & Mutations

You are a hulking beast.
Your limbs bulge with bestial killing power. (Slay +4)
You cannot wear most types of armour.
You are amphibious.
You can wear up to eight rings at the same time.
Your skin changes colour to match your surroundings (Stealth+).
Your rubbery body absorbs attacks. (AC +1, EV +1)
You are slightly weak-willed. (Will-)
((You are camouflaged when in or above water. (Stealth+)))
You have tentacles for arms and can constrict up to eight enemies at once.


Message History

You assume a fearsome visage.
Josephine looks frightened!
The wraith is unaffected. x2; You constrict Josephine!
Josephine struggles to escape constriction.
The wraith hits you but does no damage. The wraith closely misses you.
The wraith barely misses you.
Josephine struggles to escape constriction.
The wraith is stunned by your conviction and fails to attack.
You release your grip on Josephine.
A wraith comes into view.
The wraith attacks as it pursues you! The wraith misses you.
You feel yourself speed up. The wraith misses you. The wraith hits you.
* * * LOW HITPOINT WARNING * * *
The wraith drains your vigour!
You feel as though you will be slow longer.
A wraith comes into view.
Josephine begins to cast a spell, but is stunned by your conviction!
The wraith closely misses you. The wraith misses you.
The wraith attacks as it pursues you! The wraith barely misses you.
You are confused.
You feel invigorated. The wraith closely misses you. x2
Okay, then.
Unknown command.
You miss the wraith. The wraith hits you!
* * * LOW HITPOINT WARNING * * *
The wraith drains your vigour!
You feel as though you will be slow longer.
The wraith misses you.
You hit the wraith but do no damage.
Your weapon exudes an aura of protection.
Your squeeze misses the wraith. The wraith closely misses you.
The wraith barely misses you. The wraith completely misses you.
You closely miss the wraith.
You squeeze the wraith, but do no damage.
Josephine casts a spell at you.
The ghostly flame explodes!
The ghostly fireball engulfs the wraith.
The wraith completely resists.
The ghostly fireball engulfs you!!
You feel drained.
You die...

#### ### ##..##
#.####hWW.#
##..##..W'+###
###...##..'∩'W.#
#.#...#>..++'..#
#..............#
##...#......#.#@..
####....#.#...###.....#
##......#####...#
###..#
#.##.....###.....# ...#


You could see Josephine and 4 wraiths.

Vanquished Creatures
  A two-headed ogre (D:9)
  Pikel (D:7)
  A cane toad (D:9)
  A rime drake (D:7)
  Grinder (D:3)
  A hornet (D:9)
  A troll (D:9)
  Prince Ribbit (D:7)
  A shadow (D:10)
  Sigmund (D:3)
  A wyvern (D:9)
  4 wraiths
  Eustachio (D:5)
  9 yaks
  Edmund (D:6)
  5 water moccasins
  5 orc warriors
  3 ice beasts
  A sky beast (D:6)
  2 black bears
  3 ogres
  2 centaurs
  A phantom (D:5)
  3 elf zombies (Ossuary)
  A kobold brigand (D:9)
  6 bullfrogs
  4 scorpions
  2 gnoll sergeants
  4 wights (D:10)
  7 killer bees
  A howler monkey (D:10)
  4 centaur zombies (Ossuary)
  4 human zombies (Ossuary)
  2 jellies
  4 hounds
  6 orc priests
  Crazy Yiuf (D:5)
  Jessica (D:3)
  An iguana (D:5)
  15 orc wizards
  3 mummies (Ossuary)
  9 gnolls
  5 adders
  2 shadow imps
  2 ufetubi (D:5)
  3 dart slugs
  20 orcs
  10 ball pythons
  5 bats
  4 endoplasms
  6 giant cockroaches
  11 goblins
  6 hobgoblins
  3 jackals (D:1)
  11 kobolds
  5 quokkas
  4 frilled lizards
  3 rats
226 creatures vanquished.

Notes
Turn   | Place    | Note
-------+----------+-------------------------------------------
     0 | D:1      | miscthings the Octopode Shapeshifter began the quest for
                  | the Orb.
     0 | D:1      | Reached XP level 1. HP: 13/13 MP: 1/1
    95 | D:1      | Reached XP level 2. HP: 18/18 MP: 2/2
   160 | D:1      | You fall into a shaft and drop 1 floor!
   206 | D:2      | Reached XP level 3. HP: 20/23 MP: 3/3
   235 | D:2      | Reached skill level 4 in Shapeshifting
  1188 | D:3      | Found an ornate altar of the Wu Jian Council.
  1190 | D:3      | Noticed Sigmund
  1272 | D:3      | Reached XP level 4. HP: 21/28 MP: 4/4
  1304 | D:3      | Found an ancient bone altar of Kikubaaqudgha.
  1304 | D:3      | Noticed Menkaure
  1306 | D:3      | Found a basalt altar of Yredelemnul.
  1306 | D:3      | Found a transporter.
  1317 | D:3      | Noticed a phantom
  1320 | D:3      | Found a transporter.
  1383 | D:3      | Noticed Jessica
  1402 | D:3      | Killed Jessica
  1449 | D:3      | Noticed Grinder
  1458 | D:3      | Killed Grinder
  1459 | D:3      | Reached skill level 6 in Shapeshifting
  1459 | D:3      | Reached XP level 5. HP: 9/33 MP: 5/5
  1459 | D:3      | Reached XP level 6. HP: 10/38 MP: 6/6
  1614 | D:4      | Found a staircase to the Ecumenical Temple.
  1621 | Temple   | Entered the Ecumenical Temple
  1677 | D:4      | Found a broken altar of Ashenzari.
  2182 | D:3      | Killed Sigmund
  2183 | D:3      | Reached skill level 7 in Shapeshifting
  2183 | D:3      | Reached XP level 7. HP: 36/43 MP: 7/7
  2266 | D:3      | Found a white marble altar of Elyvilon.
  2408 | D:5      | Entered Level 5 of the Dungeon
  2425 | D:5      | Identified the +8 spear "Lixeehey" {protect, rPois Int+3}
  2577 | D:5      | Found a sand-covered staircase.
  2582 | Ossuary  | Entered an ossuary
  2611 | Ossuary  | Reached skill level 8 in Shapeshifting
  2651 | Ossuary  | Reached XP level 8. HP: 40/48 MP: 8/8
  2722 | Ossuary  | Reached skill level 9 in Shapeshifting
  3068 | D:5      | Found a runed translucent door.
  3069 | D:5      | Noticed Crazy Yiuf
  3078 | D:5      | Killed Crazy Yiuf
  3100 | D:5      | Noticed Eustachio
  3113 | D:5      | Killed Eustachio
  3114 | D:5      | Reached skill level 10 in Shapeshifting
  3144 | D:5      | Found The Oracle's Delphic Readings.
  3150 | D:5      | Bought a scroll of fog for 44 gold pieces
  3150 | D:5      | Bought a scroll of poison for 44 gold pieces
  3188 | D:6      | Noticed Edmund
  3242 | D:6      | Reached XP level 9. HP: 51/53 MP: 9/9
  3280 | D:6      | Reached skill level 11 in Shapeshifting
  3341 | D:6      | Killed Edmund
  3424 | D:6      | Found a snail-covered altar of Cheibriados.
  4070 | D:7      | Reached skill level 12 in Shapeshifting
  4117 | D:7      | Noticed Jeremiah
  4124 | D:7      | Jeremiah changed into Jeremiah the rime drake
  4124 | D:7      | Noticed Jeremiah
  4127 | D:7      | Killed Jeremiah the rime drake
  4144 | D:7      | Noticed Pikel
  4150 | D:7      | Killed Pikel
  4151 | D:7      | Reached skill level 13 in Shapeshifting
  4151 | D:7      | Reached XP level 10. HP: 54/58 MP: 10/10
  4441 | D:7      | Noticed Prince Ribbit
  4447 | D:7      | Killed Prince Ribbit
  4486 | D:7      | Found Vooph's Jewellery Boutique.
  4761 | D:7      | Found Hatsurgh's Fire Supplies.
  4770 | D:7      | Bought a scroll of immolation for 56 gold pieces
  4957 | D:8      | Found a sacrificial altar of Ru.
  4968 | D:8      | Became a worshipper of Ru the Awakened
  4980 | D:8      | Found a radiant altar of Vehumet.
  5019 | D:8      | Identified the +5 quarterstaff of Beogh's Hope {freeze,
                  | rElec Dex+3}
  5022 | D:8      | Found a shadowy altar of Dithmenos.
  5293 | D:9      | Noticed a centaur warrior
  5294 | D:9      | a centaur warrior changed into a cyclops
  5294 | D:9      | Noticed a cyclops
  5295 | D:9      | a cyclops changed into a cane toad
  5295 | D:9      | Noticed a cane toad
  5302 | D:9      | Killed a cane toad
  5480 | D:9      | Reached skill level 1 in Throwing
  5480 | D:9      | Reached skill level 1 in Shields
  5480 | D:9      | Reached skill level 1 in Evocations
  5515 | D:9      | Found a bloodstained altar of Trog.
  5587 | D:9      | Found a staircase to the Orcish Mines.
  5951 | D:9      | Noticed a two-headed ogre
  5964 | D:9      | Killed a two-headed ogre
  6059 | D:9      | Reached XP level 11. HP: 30/67 MP: 11/11
  6062 | D:9      | HP: 2/67 [wraith (8)]
  6514 | D:10     | Entered Level 10 of the Dungeon
  6530 | D:10     | Gained mutation: You are slightly weak-willed. (Will-) [Ru
                  | sacrifice]
  6530 | D:10     | Reached * piety under Ru
  6863 | D:10     | Found a burning altar of Makhleb.
  6863 | D:10     | Noticed a skeletal warrior
  6863 | D:10     | Noticed a skeletal warrior
  6863 | D:10     | Noticed a skeletal warrior
  6863 | D:10     | Noticed a skeletal warrior
  6863 | D:10     | Noticed a skeletal warrior
  7295 | D:10     | Found a staircase to the Lair.
  7847 | Gauntlet | Identified the of Kujafyt
  7847 | Gauntlet | Identified the of Moosese
  7847 | Orc:1    | Identified the of Birazio
  7847 | Orc:1    | Entered Level 1 of the Orcish Mines
  7851 | Orc:1    | Found a shimmering blue altar of Sif Muna.
  7858 | Orc:1    | Reached skill level 5 in Unarmed Combat
  7979 | Orc:1    | Found Liurops's Magic Scroll Boutique.
  7982 | Orc:1    | Bought a scroll of teleportation for 39 gold pieces
  7983 | Orc:1    | Noticed Josephine
  7997 | Orc:1    | HP: 3/66 [wraith[Josephine] (7)]
  8000 | Orc:1    | HP: 1/66 [wraith[Josephine] (4)]
  8006 | Orc:1    | Killed from afar by Josephine

Illustrated notes

Levels and vault maps discovered:
D:1:      roderic_crop_circles_arrival_small, layout_loops_ring
D:2:      layout_basic, chequers_serial_rivers_small_b
D:3:      layout_basic, mainiacjoe_overflow_24_doors,
          mainiacjoe_overflow_small_starburst, gammafunk_temple_of_torment,
          uniq_grinder, uniq_jessica, uniq_sigmund
D:4:      layout_basic, mainiacjoe_overflow_paths,
          minmay_temple_entry_enclosed_plants
D:5:      layout_gridville, enter_ossuary_5, nicolae_nh_oracle_at_delphi,
          uniq_crazy_yiuf_cottage, uniq_eustachio
D:6:      layout_basic, mainiacjoe_overflow_surrounded_room, uniq_edmund
D:7:      layout_gridville, serial_shops, nicolae_shop_pleasant_corner_grove,
          grunt_ministairs_6, nicolae_shop_fire_sale [nicolae_sub_dead_trees],
          kennysheep_small_spiral, kennysheep_windowed_goal, uniq_menkaure,
          uniq_pikel, uniq_jeremiah, uniq_prince_ribbit1
D:8:      layout_basic, fiery_altar_vehumet, mainiacjoe_overflow_alcove_2,
          hangedman_ru_absence
D:9:      minmay_recursive_quarters, layout_long_grid,
          mainiacjoe_overflow_brackets
D:10:     minmay_octagon_keep, layout_basic, lightli_temple_of_fire,
          due_lair_maze_entry_diamond
Temple:   minmay_freezing_vapour_temple
Orc:1:    layout_diamond_mine, serial_shops, nicolae_shop_tiny_real_fake_doors,
          basic_altar, led_sif_book, uniq_josephine

Skill      XL: |  1  2  3  4  5  6  7  8  9 10 11 |
---------------+----------------------------------+-----
Shapeshifting  | 4 6 7 8 10 13 | 13.7
Throwing       | 2 3 |  3.9
Shields        | 2 3 |  3.9
Evocations     | 2 4 |  4.1
Fighting       | 3 4 |  4.1
Dodging        | 3 4 |  4.5
Unarmed Combat | 4 5 |  5.0

Action                     |  1- 3 |  4- 6 |  7- 9 | 10-12 || total
---------------------------+-------+-------+-------+-------++-------
  Melee: Unarmed           |    69 |    69 |    18 |       ||   156
         Constrict         |    20 |    23 |    27 |    45 ||   115
         Tentacles         |    14 |    19 |    40 |    80 ||   153
         Punch             |     3 |       |     4 |     8 ||    15
         Spear             |       |       |   163 |   309 ||   472
  Throw: Dart              |       |       |     2 |     3 ||     5
 Invoke: Sacrifice Essence |       |       |       |     1 ||     1
  Evoke: Wand              |       |       |     1 |     7 ||     8
    Use: Scroll            |       |     5 |     9 |    11 ||    25
         Potion            |       |       |       |     6 ||     6
   Stab: Sleeping          |    10 |     1 |     9 |     2 ||    22
         Distracted        |       |       |     1 |     2 ||     3
 Armour: Skin              |    19 |    31 |   100 |   214 ||   364
  Dodge: Dodged            |    23 |    24 |    96 |   203 ||   346
   Form: Flux              |     1 |       |       |       ||     1
         Beast             |       |       |     1 |       ||     1

Table legend: (Time is in decaauts)
 A = Elapsed time spent in this place.
 B = Non-inter-level travel time spent in this place.
 C = Inter-level travel time spent in this place.
 D = Time resting spent in this place.
 E = Time spent auto-exploring this place.
 F = Levels seen in this place.
 G = Mean time per level.
                   A        B        C        D        E       F      G
               +--------+--------+--------+--------+--------+-----+--------+
         Total |   8106 |   7735 |    371 |   1644 |   4254 |  13 |  623.5 |
       Dungeon |   7788 |   7417 |    371 |   1644 |   4130 |  10 |  778.8 |
        Temple |      1 |      1 |      0 |      0 |      0 |   1 |    1.0 |
  Orcish Mines |    165 |    165 |      0 |      0 |     63 |   1 |  165.0 |
       Ossuary |    150 |    150 |      0 |      0 |     61 |   1 |  150.0 |
               +--------+--------+--------+--------+--------+-----+--------+

Top non-repeatable levels by time:
     D:9: 1739 daAuts
     D:7: 932 daAuts
    D:10: 898 daAuts
     D:6: 769 daAuts
     D:1: 694 daAuts
     D:3: 694 daAuts
     D:5: 668 daAuts
     D:2: 519 daAuts
     D:4: 489 daAuts
     D:8: 383 daAuts
   Orc:1: 165 daAuts
 Ossuary: 150 daAuts
  Temple: 1 daAuts
